Frey, chaotic female vampiric Wizard $ $ ----- ! |.@.-# |.q.|# $ |...|# -----# # [ $ 0 # $ # # # / #### #-------- #|......| #|....... * #.<.....| -------- * Frey the Thaumaturge Experience level: 7 Strength: 13 Dexterity: 11 Constitution: 16 Intelligence: 18 Wisdom: 13 Charisma: 9 Health: 0(69) Energy: 39(118) AC: 8 Gold: 905 Moves: 3311 Your Inventory: Coins $ - 905 gold pieces Amulets D - a cursed amulet versus poison Weapons a - a blessed +3 quarterstaff (weapon in hands) u - 9 cursed +0 elven arrows Armor b - an uncursed burnt +0 cloak of magic resistance (being worn) w - an uncursed +0 leather armor (being worn) y - an uncursed +0 cloak of displacement H - an uncursed +0 orcish helm I - an uncursed +0 orcish helm Q - an [uncursed] +0 pair of hard shoes [iron] Scrolls G - an [uncursed] scroll of create monster Spellbooks P - an [uncursed] spellbook of healing S - an [uncursed] spellbook of remove curse T - an [uncursed faint] spellbook of detect monsters V - an [uncursed] spellbook of create monster Rings d - an uncursed ring of stealth e - an uncursed ring of free action (on left hand) O - an [uncursed] wire ring [of teleport control] (on right hand) Wands c - an uncursed wand of cancellation (0:4) C - an [uncursed] wand of sleep [0:5] J - an [uncursed] porcelain wand [of make invisible (0:7)] Tools n - an uncursed magic marker (0:57) o - an uncursed blindfold Gems t - an uncursed worthless piece of black glass A - an uncursed worthless piece of white glass N - an [uncursed] yellowish brown gem [worthless glass] R - 2 [uncursed] violet gems [worthless glass] Spells known in the end: Name Level Category Fail Memory a - force bolt 1 attack 0% [|||||||.] b - detect monsters 1 divination 0% [||||||||] c - remove curse 3 clerical 77% [||||||||] d - healing 1 healing 0% [||||||||] e - create monster 2 clerical 43% [||||||||] Your skills at the end: Fighting Skills Weapon Skills quarterstaff [Basic / Expert] Spellcasting Skills attack spells [Basic / Expert] enchantment spells [Basic / Skilled] Final Attributes: You were piously aligned. Hunger level was 398. Your alignment was 26 / 26. Monster difficulty range was 1 - 7. Level difficulty was 7. You were immune to sleep. You were immune to level-drain. You were magic-protected. You saw invisible. You had teleport control. You could fly. You could survive without air. You regenerated. You had free action. Your luck was zero. You are dead. Vanquished creatures: a wolf a dust vortex a fire ant 2 mountain nymphs 3 rock piercers a yellow light a gnome lord a gray ooze 2 elf zombies a straw golem 2 little dogs 3 floating eyes a dwarf a kobold lord 5 hill orcs a rothe a rabid rat a centipede 4 orc zombies 2 werejackals an iguana 2 acid blobs a coyote 2 hobbits 2 large kobolds a hobgoblin a giant rat 3 cave spiders 2 yellow molds a green mold 5 gnomes 10 garter snakes 2 foxes 3 sewer rats 4 grid bugs 4 lichens a kobold zombie 4 newts 84 creatures vanquished. Voluntary challenges: You used a wielded weapon 93 times. You read items or engraved 18 times. You put on armor 6 times. You never genocided any monsters. You never polymorphed an object. You never changed form. You used no wishes. You never wrote Elbereth's name. You never encountered a bones level. You never used any Sokoban shortcuts. Dungeon overview: The Dungeons of Doom: levels 1 to 7 Level 1 a long staircase Level 3 a long staircase Level 7 <- You were here History has recorded: On T:1 you entered the Dungeons of Doom to retrieve the Amulet of Yendor! On T:470 you reached level 2 of The Dungeons of Doom. On T:578 you advanced to experience level 2. On T:725 you reached level 3 of The Dungeons of Doom. On T:873 you advanced to experience level 3. On T:1072 you advanced to experience level 4. On T:1325 you reached level 4 of The Dungeons of Doom. On T:1539 you advanced to experience level 5. On T:1777 you advanced to experience level 6. On T:1930 you reached level 5 of The Dungeons of Doom. On T:2608 you advanced to experience level 7. On T:2766 you reached level 6 of The Dungeons of Doom. On T:3279 you reached level 7 of The Dungeons of Doom. Latest messages: You sense the presence of monsters. That scroll is not blank! The door opens. You see here a tripe ration. You hit the mumak! You miss the mumak. The mumak butts! The mumak bites! [HP-23=46] You hit the mumak! You miss the mumak. The mumak butts! The mumak bites! [HP-32=14] The spell misses the mumak. The mumak butts! You die... Final status: Goodbye Frey the Wizard... You died in The Dungeons of Doom on dungeon level 7 with 3829 points, and 905 pieces of gold, after 3311 moves. You were level 7 with a maximum of 69 hit points when you died.